 Dungeon Crawl Stone Soup version 0.30.1-5-ged363bc7ee (webtiles) character file.

Game seed: 7851939824030783191

3206 Kurtz the Cleaver (level 9, -4/52 (54) HPs)
             Began as a Tengu Fighter on Sept 19, 2023.
             Was a Believer of Okawaru.
             Slain by a wight
             ... wielding a +3 long sword
              (6 damage)
             ... on level 8 of the Dungeon.
             The game lasted 00:07:53 (7475 turns).

Kurtz the Cleaver (Tengu Fighter)                   Turns: 7475, Time: 00:07:54

HP:   -4/52 (54)    AC: 12    Str: 21    XL:     9   Next: 97%
MP:   9/10          EV:  5    Int:  9    God:    Okawaru [**....]
Gold: 360           SH: 19    Dex: 13    Spells: 8/8 levels left

rFire   . . .        y - +0 broad axe
rCold   . . .        c - +0 tower shield
rNeg    + . .        J - +0 plate armour
rPois   .            (helmet restricted)
rElec   .            (no cloak)
rCorr   .            D - +0 pair of gloves
SInv    .            (boots unavailable)
Will    .....        q - amulet of reflection Stlth
                     h - ring of positive energy
HPRegen 0.28/turn    (no ring)
MPRegen 0.12/turn

%: reflection
@: flying quickly and evasively, lightly drained, quick
A: beak, talons 3, nimble flight
a: Renounce Religion, Heroism


You were on level 8 of the Dungeon.
You worshipped Okawaru.
Okawaru was pleased with you.
You visited 2 branches of the dungeon, and saw 9 of its levels.
You also visited: Sewer.

You collected 360 gold pieces.

Inventory:

Hand Weapons
 a - a +0 war axe
 y - a +0 broad axe (weapon)
Missiles
 p - 5 javelins
 u - 24 poisoned darts (quivered)
Armour
 c - a +0 tower shield (worn)
 f - a scarf of harm
 j - a +0 chain mail
 D - a +0 pair of gloves (worn)
 J - a +0 plate armour (worn)
Jewellery
 h - a ring of positive energy (left hand)
 q - an amulet of reflection (around neck)
 x - an amulet of faith
 z - an amulet of regeneration
Wands
 r - a wand of digging (3)
 C - a wand of flame (15)
 E - a wand of iceblast (4)
Scrolls
 i - 2 scrolls of enchant armour {unknown}
 k - 4 scrolls of fog {unknown}
 n - 4 scrolls of teleportation {unknown}
 o - a scroll of enchant weapon {unknown}
 t - a scroll of acquirement {unknown}
 v - a scroll of summoning {unknown}
 w - a scroll of brand weapon {unknown}
 A - 4 scrolls of identify {unknown}
 B - a scroll of blinking {unknown}
 F - a scroll of immolation {unknown}
 G - a scroll of amnesia {unknown}
 H - 2 scrolls of vulnerability {unknown}
 K - a scroll of fear {unknown}
 L - 3 scrolls of magic mapping {unknown}
Potions
 b - a potion of mutation {unknown}
 d - 4 potions of might
 e - 2 potions of cancellation {unknown}
 g - 2 potions of haste {unknown}
 l - a potion of heal wounds {unknown}
 m - 2 potions of degeneration {unknown}
 I - a potion of resistance
 M - a potion of brilliance {unknown}


   Skills:
 * Level 5.5 Fighting
 * Level 12.1 Axes
 - Level 3.2 Armour
 * Level 4.0 Dodging
 * Level 6.0 Shields


You had 8 spell levels left.
You didn't know any spells.
Your spell library contained the following spells:

 Spells                   Type           Power      Damage    Failure   Level
 Magic Dart               Conj           0%         1d3       100%        1
 Cigotuvi's Dreadful Rot  Necr/Pois/Air  0%         N/A       100%        2
 Searing Ray              Conj           0%         2d4       100%        2
 Ignite Poison            Fire/Tmut/Pois 0%         N/A       100%        3
 Fulminant Prism          Conj/Hex       0%         3d5       100%        4
 Freezing Cloud           Conj/Ice/Air   0%         6-21      100%        5


Dungeon Overview and Level Annotations

Branches:
Dungeon (8/15)             Temple (1/1) D:5           Sewer (visited)
   Lair: D:8-11

Altars:
Ashenzari
Cheibriados
Dithmenos
Gozag
Kikubaaqudgha
Okawaru
Qazlal
Ru
Sif Muna
Trog
Uskayaw
Vehumet
Wu Jian

Annotations:
D:6 exclusion: 2 doors


Innate Abilities, Weirdness & Mutations

You have a beak for a mouth.
You have claws for feet.
Your magical nature lets you fly swiftly and evasively.


Message History

The killer bee barely misses you.
Your base Shields skill increases to level 6!
Unknown command.
You closely miss the killer bee. Your kick misses the killer bee.
The killer bee is almost dead.
You barely miss the wight. You barely miss the killer bee.
You slash the killer bee!
You kill the killer bee!
Okawaru accepts your kill.
You feel like a meek peon again. You block the killer bee's attack.
The killer bee stings you but does no damage.
The wight hits you but does no damage.
The killer bee stings you but does no damage. x2
You miss the killer bee.
The killer bee is almost dead.
You slash the wight! You hit the wight but do no damage. You hit the wight.
You hit the killer bee but do no damage.
You block the killer bee's attack. The killer bee barely misses you.
The killer bee stings you. You block the killer bee's attack.
The wight hits you with a +4 morningstar.
You partially resist.
You feel drained.
The wight hits you with a +3 long sword.
* * * LOW HITPOINT WARNING * * *
You block the killer bee's attack. x2
The wight hits you with a +4 morningstar!
* * * LOW HITPOINT WARNING * * *
The wight closely misses you. The wight barely misses you.
The wight hits you with a +3 long sword.
* * * LOW HITPOINT WARNING * * *
You partially resist.
You feel drained.
* * * LOW HITPOINT WARNING * * *
Unknown command.
You feel better. You block the killer bee's attack. x2
The killer bee stings you but does no damage.
You block the killer bee's attack. You block the wight's attack.
The wight hits you with a +4 morningstar!
* * * LOW HITPOINT WARNING * * *
The wight hits you with a +3 long sword.
You die...

..........#)..#....###<.
#.....###.....###.##...
#..?#...........###... .
#...#...........##...#
..#...#...........#..#.#
...###.....###......##.#
..........#...#.....##.#
........y.#...#.....#..#
......z@z.#...#....##.#.
...###zzy..###....## .
.. ..#...........# > .
#...#...........#
#...#...........
..###.....###. ...
....#. .. ....#..


You could see 2 killer bees and 4 wights.

Vanquished Creatures
  6 yaks (D:6)
  Eustachio (D:4)
  A steam dragon (D:6)
  A water moccasin (D:6)
  2 sky beasts (D:7)
  An ice beast (D:5)
  A black bear (D:5)
  An ogre (D:4)
  2 centaurs (D:7)
  A phantom (D:5)
  3 kobold brigands (Sewer)
  A scorpion (D:6)
  A wight (D:8)
  3 killer bees (D:8)
  A howler monkey (D:6)
  3 hounds
  4 orc priests
  A gnoll bouda (D:6)
  A jelly (D:5)
  A sleepcap (D:7)
  An iguana (D:6)
  3 orc wizards
  3 gnolls (D:6)
  14 adders
  2 river rats
  A shadow imp (D:7)
  2 white imps (D:5)
  An ufetubus (D:6)
  4 worms
  5 dart slugs
  28 orcs
  10 bats
  6 endoplasms
  3 giant cockroaches
  6 goblins
  9 hobgoblins
  15 jackals
  8 kobolds
  5 quokkas
  8 ball pythons
  2 frilled lizards
  8 rats
  A spectral hobgoblin (D:2)
181 creatures vanquished.

Notes
Turn   | Place    | Note
-------+----------+-------------------------------------------
     0 | D:1      | Kurtz the Tengu Fighter began the quest for the Orb.
     0 | D:1      | Reached XP level 1. HP: 14/14 MP: 2/2
    38 | D:1      | Reached XP level 2. HP: 19/19 MP: 3/3
    52 | D:1      | Reached skill level 3 in Axes
   183 | D:1      | You fall into a shaft and drop 1 floor!
   210 | D:2      | Noticed a scorpion
   290 | D:2      | Reached XP level 3. HP: 23/23 MP: 4/4
   369 | D:1      | Reached skill level 4 in Axes
   837 | D:2      | Reached XP level 4. HP: 23/28 MP: 5/5
   891 | D:2      | Found a faded altar of an unknown god.
  1258 | D:2      | Reached skill level 5 in Axes
  1621 | D:3      | Gained mutation: Your magical nature lets you fly swiftly
                  | and evasively. [Tengu growth]
  1621 | D:3      | Reached XP level 5. HP: 3/32 MP: 6/6
  1739 | D:3      | Found a glowing drain.
  1747 | Sewer    | Entered a sewer
  1756 | Sewer    | Noticed a kobold brigand
  1769 | Sewer    | Killed a kobold brigand
  1770 | Sewer    | Reached skill level 6 in Axes
  1803 | Sewer    | Noticed a kobold brigand
  1817 | Sewer    | Killed a kobold brigand
  1818 | Sewer    | Reached skill level 7 in Axes
  1818 | Sewer    | Reached XP level 6. HP: 30/37 MP: 7/7
  3101 | D:3      | Found an ornate altar of the Wu Jian Council.
  3238 | D:4      | Noticed Eustachio
  3253 | D:4      | Killed Eustachio
  3254 | D:4      | Reached skill level 8 in Axes
  3254 | D:4      | Reached XP level 7. HP: 31/41 MP: 8/8
  3552 | D:4      | Reached skill level 1 in Dodging
  3716 | D:4      | Reached skill level 9 in Axes
  4683 | D:5      | Entered Level 5 of the Dungeon
  4702 | D:5      | Reached XP level 8. HP: 46/46 MP: 9/9
  4806 | D:5      | Found a staircase to the Ecumenical Temple.
  4825 | Temple   | Entered the Ecumenical Temple
  4922 | Temple   | Became a worshipper of Warmaster Okawaru
  5126 | D:5      | Reached skill level 10 in Axes
  5184 | D:5      | Found a broken altar of Ashenzari.
  5184 | D:5      | Found a snail-covered altar of Cheibriados.
  5186 | D:5      | Found a stormy altar of Qazlal.
  5592 | D:5      | Found a bloodstained altar of Trog.
  5593 | D:5      | Found a shadowy altar of Dithmenos.
  6076 | D:6      | Noticed a yak
  6076 | D:6      | Noticed a yak
  6076 | D:6      | Noticed a yak
  6077 | D:6      | Noticed a yak
  6077 | D:6      | Noticed a yak
  6077 | D:6      | Noticed a yak
  6164 | D:6      | Reached * piety under Okawaru
  6534 | D:7      | Noticed a yak
  6545 | D:7      | Noticed a yak
  6546 | D:7      | Noticed a yak
  6546 | D:7      | Noticed a yak
  6547 | D:7      | Noticed a yak
  6548 | D:7      | Noticed a yak
  6553 | D:6      | Killed a yak
  6554 | D:6      | Reached XP level 9. HP: 14/52 MP: 10/10
  6559 | D:6      | Reached skill level 11 in Axes
  6705 | D:6      | Reached ** piety under Okawaru
  6967 | D:6      | Reached skill level 5 in Fighting
  6967 | D:6      | Reached skill level 5 in Shields
  7398 | D:8      | Reached skill level 12 in Axes
  7474 | D:8      | HP: 2/52 [wight/+3 long sword (1)]
  7475 | D:8      | Slain by a wight

Illustrated notes

Levels and vault maps discovered:
D:1:      lemuel_arrival_funnel, layout_basic, st_stairs_3
D:2:      layout_loops_ring, dreamdust_ecumenical_altar_drowned_temple,
          lightli_corner_chamber
D:3:      layout_rooms, nicolae_wu_jian_immortal_techniques,
          gup_sewer_entry_bubbles
D:4:      layout_layer_cave, hangedman_decor_lopped, kennysheep_generic_room_13,
          uniq_eustachio
D:5:      layout_loops_corners, nicolae_overflow_hidden_temple,
          minmay_temple_entry_hall, st_stairs_6
D:6:      layout_basic
D:7:      layout_rooms
D:8:      nicolae_hitomezashi [nicolae_hito_row, nicolae_hito_row,
          nicolae_hito_row, nicolae_hito_row, nicolae_hito_row,
          nicolae_hito_row, nicolae_hito_row, nicolae_hito_row,
          nicolae_hito_row, nicolae_hito_row, nicolae_hito_row,
          nicolae_hito_row, nicolae_hito_row, nicolae_hito_row,
          nicolae_hito_row, nicolae_hito_row, nicolae_hito_row,
          nicolae_hito_row], layout_rooms, tso_altar,
          mainiacjoe_overflow_cross_hatched, lemuel_tele_altar,
          mainiacjoe_overflow_catwalk_spiral
Temple:   nicolae_temple_great_sept

Skill      XL: |  1  2  3  4  5  6  7  8  9 |
---------------+----------------------------+-----
Axes           | 3 4 5 7 8 9 10 12 | 12.1
Dodging        | 1 2 4 |  4.0
Fighting       | 4 5 |  5.5
Shields        | 4 6 |  6.0
Armour         | |  3.2

Action                     |  1- 3 |  4- 6 |  7- 9 || total
---------------------------+-------+-------+-------++-------
  Melee: War axe           |    83 |   159 |       ||   242
         Kick              |    15 |    55 |    77 ||   147
         Peck              |     5 |    43 |    39 ||    87
         Broad axe         |       |    25 |   239 ||   264
  Throw: Throwing net      |       |     1 |       ||     1
         Javelin           |       |       |     2 ||     2
         Dart              |       |       |     5 ||     5
 Invoke: Heroism           |       |       |     1 ||     1
  Evoke: Wand              |       |       |     3 ||     3
    Use: Potion            |       |       |     3 ||     3
 Armour: Scale mail        |    17 |       |       ||    17
         Chain mail        |    41 |    72 |    50 ||   163
         Plate armour      |       |       |    69 ||    69
  Dodge: Dodged            |    39 |    57 |    58 ||   154
  Block: Buckler           |    20 |    23 |    37 ||    80
         Tower shield      |       |       |   197 ||   197
         Reflection        |       |       |     8 ||     8
